AoeStats
← snowshawnskate

Arabian Desert

510040658Analyzed
1v1 RM · 4d ago on Sep 29, 2026· 34m 15s· 2 players
Game mode
Random Map
Map size
Tiny (2 player)
Population
200
Speed
Normal
Resources
Standard
Victory
Conquest
Starting age
Dark Age
Ending age
Imperial Age
RankedLock teamsTeams togetherTeam positionsShared explorationLock speedFull tech treeHidden civsTurbo modeCheats
Victory
Defeat
🇩🇪 Italians · Germany
2114
+9
🇺🇸 Saracens · United States
1962
-9
snowshawnskate
11:25 Feudal Age
11:11 Loom
11:38 Man-at-Arms
12:32 Arson
16:13 Castle Age
29:03 Sanctity
30:28 Redemption
LM \ Molle
6:13 Loom
9:17 Feudal Age
9:58 Double-Bit Axe
14:45 Fletching
17:53 Town Watch
21:07 Castle Age
21:10 Crossbowman
21:45 Bodkin Arrow
21:14 Light Cavalry
22:08 Bow Saw
21:39 Horse Collar
25:11 Scale Barding Armor
29:45 Wheelbarrow
Connection lost

Rejoining the realm…

Still unreachable

The connection could not be restored.

Session expired

The server has moved on; the page needs a fresh start.